 Dungeon Crawl Stone Soup version 0.20-a0-787-g4ba4951 (webtiles) character file.

14176 GlassEater the Basher (level 11, -23/165 (166) HPs)
             Began as a Minotaur Berserker on Feb 28, 2017.
             Was a High Priest of Trog.
             Killed from afar by Frances (45 damage)
             ... with an iron shot
             ... on level 12 of the Dungeon.
             The game lasted 00:18:37 (10774 turns).

GlassEater the Basher (Minotaur Berserker)         Turns: 10774, Time: 00:18:37

HP:   -23/165 (166) AC: 13    Str: 27    XL:     11   Next: 85%
MP:   10/10         EV: 16    Int:  4    God:    Trog [*****.]
Gold: 627           SH: 13    Dex: 13    Spells: 10/10 levels left

rFire    x . .     SeeInvis .   a - +0 whip (flame)
rCold    + . .     Gourm    .   u - +0 ring mail
rNeg     . . .     Faith    .   v - +0 buckler
rPois    +         Spirit   .   (helmet unavailable)
rElec    .         Reflect  +   F - +0 cloak
rCorr    .         Harm     .   D - +2 pair of gloves
MR       ++...                  O - +0 pair of boots
Stlth    ..........             m - +6 amulet of reflection
Regen    1.4/turn               d - ring of poison resistance
MPRegen  0.2/turn               s - ring of ice

@: berserking, lethally poisoned (-23 -> -23), regenerating, very quick
A: retaliatory headbutt, horns 3, sense surroundings 1, robust 1, MP-powered
wands
a: Berserk, Trog's Hand, Brothers in Arms, Burn Spellbooks, Renounce Religion


You were on level 12 of the Dungeon.
You worshipped Trog.
Trog was extremely pleased with you.
You were very hungry.

You visited 1 branch of the dungeon, and saw 12 of its levels.
You also visited: Sewer.

You collected 659 gold pieces.
You spent 32 gold pieces at shops.

Inventory:

Hand Weapons
 a - a +0 whip of flaming (weapon)
Missiles
 i - 71 bolts
Armour
 u - a +0 ring mail (worn)
 v - a +0 buckler (worn)
 D - a +2 pair of gloves (worn)
 F - a +0 cloak (worn)
 O - a +0 pair of boots (worn)
Jewellery
 d - a ring of poison resistance (right hand)
 m - a +6 amulet of reflection (around neck)
 s - a ring of ice (left hand)
 J - a cursed amulet of guardian spirit {unknown}
 S - an uncursed amulet of harm {unknown}
Wands
 G - a wand of flame (11/48)
 H - a wand of acid (7/15)
 I - a wand of polymorph (9/24)
 M - a wand of random effects (19/48)
 N - a wand of flame (34/48)
Scrolls
 e - 3 scrolls of fear
 f - 5 scrolls of enchant weapon {unknown}
 k - 2 scrolls of identify
 l - 6 scrolls of teleportation
 n - 3 scrolls of immolation {unknown}
 o - 4 scrolls of enchant armour
 q - 7 scrolls of remove curse
 x - 5 scrolls of blinking {unknown}
 y - 2 scrolls of fog {unknown}
 B - a scroll of random uselessness {unknown}
 L - a scroll of acquirement {unknown}
 P - a scroll of noise {unknown}
 R - a scroll of magic mapping {unknown}
Potions
 h - 4 potions of curing
 j - 2 potions of haste
 p - 4 potions of lignification
 r - 2 potions of agility {unknown}
 w - 2 potions of resistance {unknown}
 z - 3 potions of invisibility
 A - 3 potions of heal wounds
 C - a potion of mutation
Books
 g - a book of Cantrips

   Spells                             Type                      Level
   a - Confusing Touch                Hexes                        1
   b - Animate Skeleton               Necromancy                   1
   c - Summon Small Mammal            Summoning                    1
   d - Apportation                    Translocation                1
   Trog disapproves of the use of such an item.
 t - a book of Misfortune

   Spells                             Type                      Level
   a - Confusing Touch                Hexes                        1
   b - Confuse                        Hexes                        3
   c - Gell's Gravitas                Translocation                3
   d - Petrify                        Transmutation/Earth          4
   e - Metabolic Englaciation         Hexes/Ice                    5
   f - Yara's Violent Unravelling     Hexes/Transmutation          5
   Trog disapproves of the use of such an item.
 T - a book of Frost

   Spells                             Type                      Level
   a - Freeze                         Ice                          1
   b - Throw Frost                    Conjuration/Ice              2
   c - Ozocubu's Armour               Charms/Ice                   3
   d - Throw Icicle                   Conjuration/Ice              4
   e - Summon Ice Beast               Ice/Summoning                4
   Trog disapproves of the use of such an item.
Comestibles
 b - 11 royal jellies
 c - 10 bread rations
 E - 18 fruits
 K - 6 meat rations
 Q - 3 chunks of flesh


   Skills:
 + Level 10.5 Fighting
 - Level 12.1 Maces & Flails
 + Level 8.5 Armour
 + Level 9.0 Dodging
 + Level 11.7 Shields


You had 10 spell levels left.
You didn't know any spells.

Dungeon Overview and Level Annotations

Branches:
Dungeon (12/15)            Temple (0/1) D:7            Lair (0/6) D:11
    Orc: D:9-12

Altars:
Elyvilon
Kikubaaqudgha
Makhleb
Okawaru
Qazlal
Ru
Sif Muna
Trog
Uskayaw
Vehumet
Wu Jian
Xom
Zin
The Shining One

Shops:
D:12 ?

Annotations:
D:4 exclusion: statue
D:11 exclusion: 3 oklob plants
D:12 Frances; shnissugah's ghost, journeyman SpWr


Innate Abilities, Weirdness & Mutations

You reflexively headbutt those who attack you in melee.
You have a pair of large horns on your head.
You passively map a small area around you.
You are robust. (+10% HP)
You expend magic power (3 MP) to strengthen your wands.


Message History

You feel sick.
Frances hits you with a glaive of venom!!
* * * LOW HITPOINT WARNING * * *
You closely miss shnissugah's ghost.
Your headbutt misses shnissugah's ghost.
Shnissugah's ghost is lightly damaged.
You miss shnissugah's ghost.
Your headbutt misses shnissugah's ghost.
Shnissugah's ghost is lightly damaged.
Shnissugah's ghost hits you!
* * * LOW HITPOINT WARNING * * *
You are electrocuted!
* * * LOW HITPOINT WARNING * * *
You are too berserk!
You whack Frances! You burn Frances.
Frances is moderately wounded.
You feel sick.
Frances chants phrases taken from a devil's mouth.
The iron shot hits you!
You die...

####.# ####'#####
.........#
....>....# ##### ,
.........# ### #...#
* .........# #..
#.#.# ......<..# #.#
#.#.# .........#
#@#,#.#.####
.........#
#@#,#......#
.........# #W#
#......# ##########
#.# #......# #.#
#......# ###
#.###.}....#### ..##
#...............
...#
#########..........*
...#
#.......'..........
...#
#.#######..........


You could see Frances and shnissugah's ghost.

Vanquished Creatures
  Snorg (D:12)
  A hydra (D:11)
  5 two-headed ogres
  Pikel (D:6)
  An ugly thing (D:11)
  3 trolls
  Prince Ribbit (D:8)
  A vampire (D:11)
  6 yaks (D:12)
  Grum (D:8)
  A hungry ghost (D:7)
  A steam dragon (D:10)
  A water moccasin (D:10)
  2 soldier ants (D:8)
  4 sky beasts
  4 orc warriors
  2 slaves (D:6)
  3 ice beasts
  3 phantoms
  A hornet zombie (D:8)
  2 necrophages (D:10)
  4 ogres
  2 wolves (D:8)
  A crocodile (Sewer)
  3 big kobolds
  3 wyvern zombies
  3 bullfrogs
  5 scorpions
  9 killer bees
  4 crimson imps
  2 howler monkeys
  6 hounds
  A quasit (D:9)
  2 jellies
  2 centaur skeletons
  4 orc priests
  2 bullfrog zombies
  A bullfrog skeleton (D:9)
  3 iguanas
  Natasha (thrice) (D:2)
  5 orc wizards
  7 worker ants
  A killer bee zombie (D:8)
  A hound skeleton (D:7)
  A worker ant zombie (D:10)
  18 adders
  5 shadow imps
  3 adder skeletons
  A worm (D:8)
  7 leopard geckos
  33 orcs
  11 giant cockroaches
  8 hobgoblins
  26 jackals
  21 kobolds
  3 quokkas
  A ball python (D:1)
  5 bats
  5 frilled lizards
  10 goblins
  A quokka skeleton (D:5)
  9 rats
287 creatures vanquished.

Vanquished Creatures (others)
  A centaur warrior (D:9)
  A cyclops (D:11)
  2 centaurs
  A worker ant (D:6)
  A leopard gecko (D:6)
  A ball python (D:6)
7 creatures vanquished.

Grand Total: 294 creatures vanquished

Notes
Turn   | Place    | Note
-------+----------+-------------------------------------------
     0 | D:1      | GlassEater the Minotaur Berserker began the quest for the Orb.
     0 | D:1      | Reached XP level 1. HP: 19/19 MP: 0/0
   138 | D:1      | Reached skill level 4 in Maces & Flails
   142 | D:1      | Reached XP level 2. HP: 18/27 MP: 1/1
  1103 | D:2      | Reached ** piety under Trog
  1106 | D:2      | Reached XP level 3. HP: 32/34 MP: 2/2
  1217 | D:2      | Noticed Natasha
  1225 | D:2      | Killed Natasha
  1454 | D:2      | Noticed Natasha
  1463 | D:2      | Reached XP level 4. HP: 41/41 MP: 3/3
  1466 | D:2      | Killed Natasha
  1466 | D:2      | Reached skill level 5 in Maces & Flails
  1661 | D:2      | Noticed Natasha
  1673 | D:2      | Killed Natasha
  1982 | D:2      | Found a shimmering altar of Xom.
  1990 | D:2      | Noticed an angel
  1992 | D:2      | Found a glowing silver altar of Zin.
  2008 | D:2      | Found a hide-covered altar of Uskayaw.
  2076 | D:2      | Reached XP level 5. HP: 45/47 MP: 4/4
  2180 | D:2      | Reached skill level 5 in Fighting
  2396 | D:3      | Found a sacrificial altar of Ru.
  2641 | D:3      | Reached *** piety under Trog
  2648 | D:3      | Found an iron altar of Okawaru.
  2687 | D:3      | Reached skill level 6 in Maces & Flails
  2949 | D:3      | Reached XP level 6. HP: 56/56 MP: 5/5
  2974 | D:3      | Found a glowing drain.
  2990 | Sewer    | Entered a sewer
  3658 | D:4      | Reached skill level 1 in Shields
  3658 | D:4      | Reached XP level 7. HP: 41/62 MP: 6/6
  3669 | D:4      | Reached skill level 7 in Maces & Flails
  3836 | D:4      | Reached **** piety under Trog
  4019 | D:4      | Found a radiant altar of Vehumet.
  4302 | D:5      | Entered Level 5 of the Dungeon
  4407 | D:5      | Reached skill level 5 in Dodging
  4450 | D:5      | Found a glowing golden altar of the Shining One.
  4608 | D:5      | Received a gift from Trog
  4687 | D:5      | Found a stormy altar of Qazlal.
  4689 | D:5      | Found a burning altar of Makhleb.
  4851 | D:5      | Reached XP level 8. HP: 70/70 MP: 7/7
  4964 | D:5      | Found a bloodstained altar of Trog.
  4964 | D:5      | Found a deep blue altar of Sif Muna.
  5036 | D:5      | Found an ancient bone altar of Kikubaaqudgha.
  5120 | D:6      | Reached skill level 8 in Maces & Flails
  5457 | D:6      | Noticed Pikel
  5473 | D:6      | Killed Pikel
  5473 | D:6      | Reached skill level 9 in Maces & Flails
  5770 | D:7      | Gained mutation: You are frail. (-10% HP) [potion of mutation]
  5770 | D:7      | Gained mutation: You are very frail. (-20% HP) [potion of mutation]
  5770 | D:7      | Gained mutation: You have a pair of large horns on your head. [potion of mutation]
  5771 | D:7      | Lost mutation: You are very frail. (-20% HP) [potion of mutation]
  5771 | D:7      | Lost mutation: You are frail. (-10% HP) [potion of mutation]
  5771 | D:7      | Lost mutation: You have a pair of large horns on your head. [potion of mutation]
  5771 | D:7      | Gained mutation: Your spells are a little harder to cast, but a little more powerful. [potion of mutation]
  5771 | D:7      | Gained mutation: You do not regenerate when monsters are visible. [potion of mutation]
  5771 | D:7      | Gained mutation: Your mind is acute. (Int +2) [potion of mutation]
  5772 | D:7      | Lost mutation: Your mind is acute. (Int +2) [potion of mutation]
  5772 | D:7      | Lost mutation: Your spells are a little harder to cast, but a little more powerful. [potion of mutation]
  5772 | D:7      | Gained mutation: Your mind is acute. (Int +2) [potion of mutation]
  5772 | D:7      | Gained mutation: You have sharp toenails. [potion of mutation]
  5773 | D:7      | Lost mutation: Your mind is acute. (Int +2) [potion of mutation]
  5773 | D:7      | Lost mutation: You do not regenerate when monsters are visible. [potion of mutation]
  5773 | D:7      | Lost mutation: You have sharp toenails. [potion of mutation]
  5773 | D:7      | Gained mutation: You passively map a small area around you. [potion of mutation]
  5773 | D:7      | Gained mutation: You have a pair of large horns on your head. [potion of mutation]
  5773 | D:7      | Gained mutation: You expend magic power (3 MP) to strengthen your wands. [potion of mutation]
  5773 | D:7      | Gained mutation: You are robust. (+10% HP) [potion of mutation]
  5921 | D:7      | Reached skill level 5 in Shields
  5926 | D:7      | Reached XP level 9. HP: 79/86 MP: 8/8
  5961 | D:7      | Reached skill level 5 in Armour
  5962 | D:7      | Found a staircase to the Ecumenical Temple.
  6041 | D:7      | Received a gift from Trog
  6224 | D:7      | Found a white marble altar of Elyvilon.
  6327 | D:7      | Noticed a troll
  6346 | D:7      | Killed a troll
  6787 | D:8      | Reached skill level 10 in Maces & Flails
  6800 | D:8      | Noticed Grum
  6812 | D:8      | Killed Grum
  6931 | D:8      | Noticed Prince Ribbit
  6957 | D:8      | Reached ***** piety under Trog
  6969 | D:8      | Killed Prince Ribbit
  6969 | D:8      | Reached XP level 10. HP: 68/96 MP: 9/9
  7143 | D:8      | Noticed a two-headed ogre
  7153 | D:8      | Killed a two-headed ogre
  7375 | D:8      | Received a gift from Trog
  7434 | D:8      | You fall through a shaft for 3 floors!
  7438 | D:10     | Entered Level 10 of the Dungeon
  7489 | D:10     | Reached skill level 11 in Maces & Flails
  7591 | D:10     | Noticed a two-headed ogre
  7609 | D:10     | Killed a two-headed ogre
  7928 | D:9      | Found an ornate altar of the Wu Jian Council.
  7958 | D:9      | Noticed a two-headed ogre
  7967 | D:9      | Killed a two-headed ogre
  8214 | D:9      | Noticed a centaur warrior
  8351 | D:9      | Killed a centaur warrior
  8351 | D:9      | Reached skill level 12 in Maces & Flails
  8351 | D:9      | Reached XP level 11. HP: 78/105 MP: 10/10
  9242 | D:10     | Noticed a two-headed ogre
  9264 | D:10     | Killed a two-headed ogre
  9264 | D:10     | Reached skill level 10 in Shields
  9317 | D:10     | Received a gift from Trog
  9761 | D:11     | Noticed an oklob plant
  9761 | D:11     | Noticed an oklob plant
  9764 | D:11     | Found a staircase to the Lair.
  9790 | D:11     | Noticed a five-headed hydra
  9796 | D:11     | Killed a five-headed hydra
 10205 | D:11     | Noticed a two-headed ogre
 10215 | D:11     | Noticed a purple ugly thing
 10220 | D:11     | Killed a two-headed ogre
 10220 | D:11     | Reached skill level 10 in Fighting
 10230 | D:11     | Killed a purple ugly thing
 10298 | D:11     | Noticed an oklob plant
 10357 | D:12     | Found Bairos's Magic Scroll Shoppe.
 10423 | D:12     | Bought a scroll of identify for 32 gold pieces
 10526 | D:12     | Noticed Snorg
 10546 | D:12     | Killed Snorg
 10757 | D:12     | Noticed Frances
 10758 | D:12     | Noticed shnissugah's ghost (journeyman SpWr)
 10774 | D:12     | Killed from afar by Frances

Vault maps used:
D:1:      dpeg_arrival_lava_altar
D:2:      grunt_temple_overflow_order_and_chaos_1, marbit_many_paths,
          grunt_decor_cap, grunt_ministairs_12, kennysheep_boxes, uniq_natasha
D:3:      lemuel_doored_altar, portal_sewer_entry_d, nicolae_ru_awakened_eye
D:4:      vehumet_statue, minivault_26
D:5:      kennysheep_mini, nicolae_overflow_hidden_temple, first_bread,
          dk_vineyard_3, tso_metal_star
D:6:      uniq_pikel
D:7:      elyvilon_altar_5, minmay_temple_entry_overgrown
D:8:      hangedman_pestilent_swarm, uniq_grum, uniq_prince_ribbit1
D:9:      old_standard_altar
D:11:     dpeg_oklobed_lair
D:12:     minmay_orc_entry_guard_dogs, serial_shops,
          nicolae_shop_competitors_out_of_business, uniq_snorg, uniq_frances
Sewer:    sewer_the_crocodile

Skill      XL: |  1  2  3  4  5  6  7  8  9 10 11 |
---------------+----------------------------------+-----
Maces & Flails | 4 5 6 7 9 10 12 | 12.1
Fighting       | 4 5 6 7 8 9 10 | 10.5
Armour         | 3 4 6 7 8 |  8.5
Dodging        | 3 4 5 6 7 8 9 |  9.0
Shields        | 1 3 5 7 9 11 | 11.7

Action                   |  1- 3 |  4- 6 |  7- 9 | 10-12 || total
-------------------------+-------+-------+-------+-------++-------
Melee: Mace              |    66 |     5 |       |       ||    71
       Headbutt          |    13 |    30 |    88 |   108 ||   239
       Whip              |       |   203 |   392 |   436 ||  1031
Invok: Berserk           |     1 |     2 |     2 |     4 ||     9
       Trog's Hand       |       |       |       |     1 ||     1
  Use: Scroll            |       |     6 |     5 |     2 ||    13
       Potion            |       |       |     4 |       ||     4
  Eat: Chunk             |     2 |     6 |    11 |    15 ||    34
       Royal jelly       |       |     1 |       |       ||     1
       Bread ration      |       |       |     1 |       ||     1
Armor: Animal skin       |    13 |    33 |     5 |       ||    51
       Ring mail         |       |       |    41 |    54 ||    95
Dodge: Dodged            |    38 |   108 |   131 |   159 ||   436
Block: Other             |     5 |    40 |       |       ||    45
       Reflection        |       |     1 |     1 |    21 ||    23
       Buckler           |       |    10 |   148 |   193 ||   351
